Map: 大气2000-天梯版

Players

TIME (Oliveira) - Winner!

  • Race: Terran Terran

ShoWTimE

  • Race: Protoss Protoss

Event: DreamHack SC2 Masters Last Chance 2022

VOD

Have the link to the VOD?

Description

Time

  • Played on: Dec. 19, 2021, 8:07 p.m.
  • Length: 6:56

All games in this series

Show
View Real Time Build Order
Export as new Build Order

TIME Terran - Winner!

Build Orders:  

Get SALT Encoding   

  12  0:00  SCV  
  13  0:12  SCV  
  14  0:17  Supply Depot  
  14  0:24  SCV  
  15  0:39  SCV  
  15  0:41  Barracks  
  16  0:44  Refinery  
  16  0:51  SCV  
  17  1:03  SCV  
  18  1:15  SCV  
  19  1:28  Marine  
  19  1:29  Orbital Command  
  20  1:47  Command Center  
  20  1:59  SCV  
  20  2:00  Factory  
  21  2:06  Barracks Reactor  
  21  2:12  SCV  
  21  2:14  Supply Depot  
  22  2:24  SCV  
  23  2:36  SCV  
  24  2:38  Barracks  
  24  2:44  Hellion  
  28  2:45  Starport  
  28  2:46  Marine x2  
  28  2:48  SCV  
  29  2:59  Orbital Command  
  29  3:00  SCV  
  29  3:05  Hellion  
  32  3:07  Marine  
  32  3:09  Marine  
  32  3:12  SCV  
  35  3:21  Medivac  
  35  3:25  SCV  
  35  3:26  Refinery  
  35  3:27  Marine  
  39  3:29  Hellion  
  39  3:30  Barracks Tech Lab  
  39  3:31  Marine  
  39  3:33  SCV  
  43  3:37  Supply Depot  
  43  3:39  SCV  
  44  3:45  SCV  
  45  3:51  Marine  
  45  3:54  Barracks  
  46  3:57  Stimpack  
  46  3:58  SCV x2, Marine  
  46  4:02  Supply Depot  
  49  4:04  Marine  
  47  4:11  SCV x2  
  47  4:17  Engineering Bay  
  47  4:20  Marine  
  47  4:23  SCV x2  
  46  4:25  Marine x2  
  48  4:35  SCV x2  
  48  4:37  Refinery  
  48  4:38  Marine  
  51  4:43  Marauder, Supply Depot, Marine  
  51  4:44  Terran Infantry Weapons Level 1  
  54  4:47  SCV  
  54  4:52  SCV  
  56  4:57  Barracks Tech Lab  
  56  4:59  SCV  
  57  5:00  Missile Turret  
  57  5:02  Marine  
  57  5:03  Marine  
  57  5:04  SCV  
  57  5:06  Supply Depot  
  60  5:07  Starport Reactor  
  60  5:08  Marauder  
  60  5:11  SCV  
  60  5:12  Factory Reactor  
  63  5:15  Combat Shield  
  63  5:16  SCV  
  63  5:17  Marauder  
  66  5:23  SCV  
  66  5:24  Marine x2  
  66  5:28  SCV, Refinery  
  69  5:29  Supply Depot  
  69  5:35  SCV, Marine  
  72  5:47  Marine x2  
  72  5:48  Marauder  
  72  5:49  Medivac  
  77  5:50  SCV, Medivac  
  77  5:51  SCV  
  81  5:59  Marauder  
  81  6:01  Widow Mine  
  81  6:02  SCV  
  81  6:03  Command Center  
  86  6:05  Supply Depot  
  86  6:09  SCV  
  87  6:12  Marine x2  
  87  6:17  Marine  
  90  6:21  Marauder  
  90  6:23  Medivac  
  94  6:27  Widow Mine  
  94  6:29  Marine  
  94  6:30  SCV x2  
  94  6:32  Supply Depot  
  100  6:33  Widow Mine  
  102  6:47  Barracks x2  
Show
View Real Time Build Order
Export as new Build Order

ShoWTimE Protoss 

Build Orders: 1 Gate Expand, Oracle Opening 

Get SALT Encoding   

  12  0:00  Probe  
  13  0:12  Probe  
  14  0:16  Pylon  
  14  0:24  Probe (Chrono Boost)  
  15  0:36  Gateway, Probe (Chrono Boost)  
  16  0:43  Probe (Chrono Boost)  
  16  0:45  Assimilator  
  17  0:51  Probe  
  18  1:03  Probe  
  19  1:15  Probe  
  20  1:24  Cybernetics Core  
  20  1:32  Nexus  
  20  1:35  Probe  
  21  1:45  Pylon  
  21  1:48  Probe  
  21  1:51  Assimilator  
  22  2:00  Probe (Chrono Boost)  
  23  2:03  Adept (Chrono Boost)  
  25  2:12  Probe (Chrono Boost)  
  26  2:18  Probe (Chrono Boost)  
  27  2:22  Stargate  
  27  2:26  Probe  
  28  2:30  Adept (Chrono Boost)  
  30  2:37  Warp Gate  
  30  2:42  Probe (Chrono Boost)  
  30  2:44  Probe (Chrono Boost)  
  33  2:53  Adept, Probe (Chrono Boost)  
  33  2:55  Probe (Chrono Boost)  
  36  2:58  Probe (Chrono Boost)  
  36  3:03  Probe  
  38  3:07  Oracle (Chrono Boost)  
  38  3:10  Probe  
  38  3:11  Pylon  
  42  3:15  Probe  
  43  3:22  Probe  
  44  3:27  Probe  
  44  3:28  Gateway  
  44  3:30  Gateway  
  45  3:34  Probe  
  45  3:38  Oracle (Chrono Boost)  
  45  3:39  Probe  
  50  3:46  Probe, Pylon  
  51  3:51  Probe  
  52  3:58  Probe  
  53  4:03  Probe  
  50  4:11  Probe  
  50  4:16  Phoenix (Chrono Boost), Probe  
  49  4:23  Probe  
  48  4:28  Probe  
  48  4:29  Nexus  
  48  4:30  Twilight Council  
  49  4:35  Probe  
  50  4:40  Probe  
  50  4:43  Forge  
  51  4:46  Assimilator  
  51  4:47  Probe  
  51  4:49  Assimilator  
  51  4:50  Sentry  
  55  4:53  Probe (Chrono Boost)  
  55  4:55  Sentry  
  55  4:59  Probe (Chrono Boost)  
  58  5:04  Pylon  
  59  5:09  Probe x2 (Chrono Boost)  
  60  5:14  Probe (Chrono Boost)  
  60  5:16  Gateway, Probe  
  60  5:17  Gateway  
  62  5:25  Probe  
  62  5:26  Gateway  
  63  5:28  Probe  
  64  5:37  Stalker, Probe  
  64  5:40  Probe  
  64  5:42  Stalker  
  69  5:44  Probe  
  65  5:51  Stalker  
  67  5:57  Probe  
  67  5:58  Shield Battery  
  67  6:00  Probe  
  67  6:03  Probe  
  70  6:09  Probe  
  71  6:13  Stalker x2  
  71  6:14  Probe  
  71  6:18  Probe  
  77  6:21  Probe  
  77  6:22  Stalker  
  80  6:26  Probe  
  80  6:30  Probe  
  80  6:32  Shield Battery  
  82  6:35  Probe, Pylon  
  83  6:41  Sentry  
  83  6:45  Pylon  
  85  6:47  Pylon  

Tags
 
Add a new tag
Caveats
  • Supply blocks, unpowered buildings, or Contaminate may cause inaccurate times.
  • Supply counts are checked every 10 seconds.